 Dungeon Crawl Stone Soup version 0.28-a0-828-g0121872642 (webtiles) character file.

Game seed: 1553531610337103001

45 ytrimaz the Skirmisher (level 3, 0/31 HPs)
             Began as a Palentonga Fighter on Nov 10, 2021.
             Killed from afar by a dart slug (2 damage)
             ... with a slug dart
             ... on level 2 of the Dungeon.
             The game lasted 00:01:36 (845 turns).

ytrimaz the Skirmisher (Palentonga Fighter)          Turns: 845, Time: 00:01:37

Health: 0/31       AC:  7    Str: 20    XL:     3   Next: 42%
Magic:  3/3        EV:  9    Int:  8    God:
Gold:   3          SH:  4    Dex:  9    Spells: 2/2 levels left

rFire   . . .      SeeInvis +   a - +0 war axe
rCold   . . .      Faith    .   c - +0 buckler
rNeg    . . .      Spirit   .   g - +3 leather armour
rPois   .          Reflect  .   (no helmet)
rElec   .          Harm     .   (no cloak)
rCorr   .          Rampage  .   (no gloves)
Will    .....                   (no barding)
Stlth   +.........              b - amulet of the acrobat
HPRegen 0.10/turn               (no ring)
MPRegen 0.08/turn               (no ring)

@: mighty
A: large, rugged brown scales 3, see invisible, deformed body, roll 1, armoured
tail
a: Rolling Charge


You were on level 2 of the Dungeon.
You visited 1 branch of the dungeon, and saw 2 of its levels.

You collected 3 gold pieces.

Inventory:

Hand Weapons
 a - a +0 war axe (weapon)
Armour
 c - a +0 buckler (worn)
 g - a +3 leather armour (worn)
 h - a +0 plate armour
Jewellery
 b - an amulet of the acrobat (around neck)
Scrolls
 i - a scroll of fog {unknown}
Potions
 e - 2 potions of haste {unknown}
 f - a potion of resistance


   Skills:
 + Level 3.4 Fighting
 + Level 2.5 Axes
 + Level 2.8 Armour
 + Level 2.7 Shields


You had 2 spell levels left.
You didn't know any spells.
Your spell library contained the following spells:

 Spells                   Type           Power      Damage    Failure   Level
 Corpse Rot               Necr/Air       0%         N/A       58%         2
 Dispel Undead            Necr           0%         3d6       99%         4
 Death Channel            Necr           0%         N/A       100%        6


Dungeon Overview and Level Annotations

Branches:
Dungeon (2/15)

Altars:


Innate Abilities, Weirdness & Mutations

You are completely covered in rugged brown scales. (AC +3, +7% HP)
You have supernaturally acute eyesight. (SInv)
Armour fits poorly on your strangely shaped body.
You can roll at nearby foes to attack.
You have a long armoured tail.


Message History

The giant cockroach bites you but does no damage. x2
Unknown command.
You closely miss the giant cockroach.
The giant cockroach is severely wounded.
The giant cockroach bites you but does no damage.
You block the giant cockroach's attack.
You slash the giant cockroach!
You kill the giant cockroach!
You block the giant cockroach's attack.
You are too injured to fight recklessly!
You are too injured to fight recklessly!
You are too injured to fight recklessly!
You are too injured to fight recklessly!
You are too injured to fight recklessly!
You slash the giant cockroach!
You kill the giant cockroach!
The ball python bites you but does no damage.
You slash the ball python!
You kill the ball python!
The giant cockroach bites you.
* * * LOW HITPOINT WARNING * * *
You slash the giant cockroach!
You kill the giant cockroach!
You hit the giant cockroach.
The giant cockroach is heavily wounded.
The giant cockroach closely misses you.
The giant cockroach bites you but does no damage.
You barely miss the giant cockroach.
The giant cockroach is heavily wounded.
The giant cockroach bites you.
* * * LOW HITPOINT WARNING * * *
The giant cockroach bites you but does no damage.
You closely miss the giant cockroach.
The giant cockroach is moderately wounded.
The giant cockroach closely misses you.
You slash the giant cockroach!
You kill the giant cockroach!
The dart slug launches a dart at you. The slug dart hits you.
You die...

.. .. .## ..
#.## #..#
###.##
#....#
#@##.##
#†##..#
#w###.#
#...†# #.#
#.B.... #.#
#..B.....#.#
#........#.#
#.$......#.#
#........#.#


You could see a dart slug.

Vanquished Creatures
  2 adders (D:2)
  A dart slug (D:1)
  2 endoplasms
  8 giant cockroaches (D:2)
  3 goblins (D:1)
  A hobgoblin (D:1)
  A kobold (D:1)
  2 quokkas (D:1)
  A ball python (D:2)
  2 bats (D:1)
  A rat (D:1)
24 creatures vanquished.

Notes
Turn   | Place    | Note
-------+----------+-------------------------------------------
     0 | D:1      | ytrimaz the Palentonga Fighter began the quest for the Orb.
     0 | D:1      | Reached XP level 1. HP: 19/19 MP: 1/1
   128 | D:1      | Found a faded altar of an unknown god.
   184 | D:1      | Reached XP level 2. HP: 25/25 MP: 2/2
   826 | D:2      | Reached XP level 3. HP: 25/31 MP: 3/3
   845 | D:2      | Killed from afar by a dart slug

Illustrated notes

Levels and vault maps discovered:
D:1:      eino_arrival_cavern_d, layout_basic,
          hellmonk_ecumenical_altar_crossroads, chequers_garden
D:2:      minmay_roachtagon, layout_basic

Action                   || total
-------------------------++-------
Melee: War axe           ||    49
       Tailslap          ||     1
 Abil: Rolling Charge    ||    14
  Use: Scroll            ||     1
       Potion            ||     1
Armor: Scale mail        ||     1
       Leather armour    ||    22
Dodge: Dodged            ||    30
Block: Buckler           ||     9

Table legend: (Time is in decaauts)
 A = Elapsed time spent in this place.
 B = Non-inter-level travel time spent in this place.
 C = Inter-level travel time spent in this place.
 D = Time resting spent in this place.
 E = Time spent auto-exploring this place.
 F = Levels seen in this place.
 G = Mean time per level.
                   A        B        C        D        E       F      G
               +--------+--------+--------+--------+--------+-----+--------+
         Total |    863 |    830 |     33 |      0 |    646 |   2 |  431.5 |
       Dungeon |    863 |    830 |     33 |      0 |    646 |   2 |  431.5 |
               +--------+--------+--------+--------+--------+-----+--------+

Top non-repeatable levels by time:
     D:1: 755 daAuts
     D:2: 108 daAuts
